 Dungeon Crawl Stone Soup version 0.30-a0-451-ge042605de7 (webtiles) character file.

Game seed: 1689343779325982270

339 ryw the Ducker (level 6, 0/46 HPs)
             Began as a Djinni Fire Elementalist on Dec 12, 2022.
             Slain by an orc warrior
             ... wielding a +0 battleaxe
              (9 damage)
             ... on level 3 of the Dungeon.
             The game lasted 00:08:12 (2875 turns).

ryw the Ducker (Djinni Fire Elementalist)           Turns: 2875, Time: 00:08:12

Health: 0/46       AC:  2    Str:  7    XL:     6   Next: 86%
Gold:   137        EV: 13    Int: 20    God:
                   SH:  0    Dex: 14

rFire   + + .      SeeInvis .    p - +6 mace of Eternal Vigilance {drain, Will+ Int+2}
rCold   x . .      Faith    .    (no shield)
rNeg    . . .      Spirit   .    a - +0 robe
rPois   ∞          Reflect  .    (no helmet)
rElec   .          Harm     .    (no cloak)
rCorr   .          Rampage  .    (no gloves)
Will    ++...                    (boots unavailable)
Stlth   ++........               (no amulet)
HPRegen 0.27/turn                m - ring of willpower
MPRegen 0.00/turn                (no ring)

@: flying
A: sickness immunity, fire resistance 2, cold vulnerability 1, float, innate
caster, HP casting, extra vitality 1
a: no special abilities


You were on level 3 of the Dungeon.
You visited 1 branch of the dungeon, and saw 3 of its levels.

You collected 137 gold pieces.

Inventory:

Hand Weapons
 p - the +6 mace of Eternal Vigilance (weapon) {drain, Will+ Int+2}
   (You found it on level 3 of the Dungeon)

   A truly terrible weapon, it drains the life of any living foe it strikes.
   Int:       It affects your intelligence (+2).
   Will:      It increases your willpower.
Armour
 a - a +0 robe (worn)
Jewellery
 m - a ring of willpower (left hand)
 q - a ring of fire
Wands
 l - a wand of flame (17)
Scrolls
 b - a scroll of fog {unknown}
 d - a scroll of blinking {unknown}
 f - 3 scrolls of identify {unknown}
 g - a scroll of torment {unknown}
 h - a scroll of enchant armour {unknown}
 j - 2 scrolls of teleportation {unknown}
 n - a scroll of noise {unknown}
Potions
 c - a potion of ambrosia {unknown}
 e - 2 potions of heal wounds {unknown}
 i - a potion of degeneration {unknown}
 k - 2 potions of curing
 o - a potion of attraction {unknown}


   Skills:
 + Level 3.1 Fighting
 + Level 4.6 Dodging
 - Level 2.0 Stealth
 + Level 3.7 Spellcasting


You couldn't memorise any spells.
You knew the following spells:

 Your Spells              Type           Power      Damage    Failure   Level
a - Scorch                Fire           36%        2d7       4%          2
b - Call Imp              Summ           18%        N/A       4%          2
c - Kindle Blastsparks    Fire/Tloc/Air  36%        2d13      9%          3
d - Inner Flame           Hex/Fire       18%        N/A       9%          3
e - Flame Wave            Conj/Fire      18%        2d7       28%         4
f - Summon Small Mammal   Summ           72%        N/A       3%          1
s - Foxfire               Conj/Fire      72%        2x1d7     3%          1
Your spell library was empty.

Dungeon Overview and Level Annotations

Branches:
Dungeon (3/15)

Altars:

Shops:
D:1 !


Innate Abilities, Weirdness & Mutations

You are immune to sickness and miasma.
You are immune to poison.
Your flesh is very heat resistant. (rF++)
You are vulnerable to cold. (rC-)
You float through the air rather than walking.
You learn spells naturally, not from books.
Your magical power is your life essence.
You have superior vitality. (+4 MHP)


Message History

Your crimson imp disappears in a puff of smoke!
The orc warrior is no longer more vulnerable to fire.
Flames lash the orc warrior.
The orc warrior is heavily wounded.
The orc warrior's fire resistance burns away.
The orc warrior is no longer more vulnerable to fire.
Flames lash the orc warrior.
The orc warrior is severely wounded.
The orc warrior's fire resistance burns away.
The orc warrior attacks as you move away!
The orc warrior hits you with a +0 battleaxe!
* * * LOW HITPOINT WARNING * * *
You are too injured to fight recklessly!
Casting: Scorch (safe; 4% risk of failure)
Confirm with . or Enter, or press ? or * to list all spells.
Flames lash the orc warrior but do no damage.
* * * LOW HITPOINT WARNING * * *
The orc warrior is no longer more vulnerable to fire.
The orc warrior completely misses you.
Casting: Scorch (safe; 4% risk of failure)
Confirm with . or Enter, or press ? or * to list all spells.
Flames lash the orc warrior.
The orc warrior is almost dead.
The orc warrior's fire resistance burns away.
* * * LOW HITPOINT WARNING * * *
The orc warrior hits you with a +0 battleaxe!
* * * LOW HITPOINT WARNING * * *
Unknown command.
Okay, then.
Casting: Scorch (safe; 4% risk of failure)
Confirm with . or Enter, or press ? or * to list all spells.
Okay, then.
Casting: Scorch (safe; 4% risk of failure)
Confirm with . or Enter, or press ? or * to list all spells.
You don't have enough health to cast this spell.
Unknown command.
Unknown command.
It was a potion of curing.
You feel better.
The orc warrior hits you with a +0 battleaxe!
You die...

.....# #.###.....##.#..#+#...o...
...[.###.).......##.#..#.#..#####
.....'...................o......>
.....###########'##.#..#.#..#.##.
.....#####..........####.#..#.##.
.....'...+...............#..#.##.
.....#####.....:o..#######..#.##.
###### #######o....#####..#....
#@##.........####.
#.....#####.......
#####.....#..###.# ##..#.#..#....
#....#..#..## #.##.#....#..
############### #......†#.#.#
##.............# ####..).#.#.#
#.....########'######..#<#.#.#


You could see an orc warrior (combustible) and an orc.

Vanquished Creatures
  A black bear (D:3)
  A scorpion (D:3)
  A hound (D:2)
  An orc priest (D:2)
  An orc wizard (D:3)
  2 adders (D:3)
  3 worms
  2 dart slugs
  7 orcs (D:3)
  3 endoplasms
  3 giant cockroaches
  3 goblins
  3 hobgoblins
  5 jackals (D:3)
  6 kobolds
  4 quokkas
  4 ball pythons
  6 bats
  3 frilled lizards
  4 rats
63 creatures vanquished.

Vanquished Creatures (others)
  10 foxfires (D:1)
10 creatures vanquished.

Grand Total: 73 creatures vanquished

Notes
Turn   | Place    | Note
-------+----------+-------------------------------------------
     0 | D:1      | ryw the Djinni Fire Elementalist began the quest for the
                  | Orb.
     0 | D:1      | ryw set off with the following spells memorised: Foxfire,
                  | Scorch, Kindle Blastsparks, Inner Flame, Flame Wave.
     0 | D:1      | Reached XP level 1. HP: 15/15 MP: 0/0
     8 | D:1      | Found Xaquall's Distillery.
   161 | D:1      | Reached XP level 2. HP: 20/21 MP: 0/0
   435 | D:1      | Found a faded altar of an unknown god.
   881 | D:1      | Reached XP level 3. HP: 16/25 MP: 0/0
   881 | D:1      | Learned a level 1 spell: Summon Small Mammal
  1186 | D:2      | Reached skill level 1 in Fighting
  1186 | D:2      | Reached skill level 3 in Dodging
  1186 | D:2      | Reached XP level 4. HP: 28/32 MP: 0/0
  2068 | D:2      | Reached XP level 5. HP: 7/38 MP: 0/0
  2068 | D:2      | Learned a level 2 spell: Call Imp
  2342 | D:3      | Identified the +6 mace of Eternal Vigilance {drain, Will+
                  | Int+2}
  2657 | D:3      | Reached skill level 4 in Dodging
  2657 | D:3      | Reached XP level 6. HP: 41/45 MP: 0/0
  2690 | D:3      | Noticed a black bear
  2707 | D:3      | Killed a black bear
  2825 | D:3      | Noticed an orc warrior
  2874 | D:3      | HP: 2/46 [orc warrior/+0 battleaxe (8)]
  2875 | D:3      | Slain by an orc warrior

Illustrated notes

Levels and vault maps discovered:
D:1:      saegor_arrival_simple_b, layout_loops_corners, serial_shops,
          nicolae_shop_hallway_plus, basic_ecumenical_altar
D:2:      layout_basic, corner_web_ring, minmay_tetromino_l2
D:3:      layout_basic, chequers_garden

Skill      XL: |  1  2  3  4  5  6 |
---------------+-------------------+-----
Stealth        | 2 |  2.0
Fighting       | 1 2 3 |  3.1
Dodging        | 3 4 |  4.6
Spellcasting   | 3 |  3.7

Action                   |  1- 3 |  4- 6 || total
-------------------------+-------+-------++-------
Melee: Unarmed           |     4 |       ||     4
       Short sword       |       |     4 ||     4
 Cast: Foxfire           |     7 |       ||     7
       Scorch            |    24 |    67 ||    91
       Call Imp          |       |     3 ||     3
  Use: Potion            |       |     1 ||     1
Armor: Robe              |     2 |     1 ||     3
Dodge: Dodged            |     4 |    22 ||    26

Table legend: (Time is in decaauts)
 A = Elapsed time spent in this place.
 B = Non-inter-level travel time spent in this place.
 C = Inter-level travel time spent in this place.
 D = Time resting spent in this place.
 E = Time spent auto-exploring this place.
 F = Levels seen in this place.
 G = Mean time per level.
                   A        B        C        D        E       F      G
               +--------+--------+--------+--------+--------+-----+--------+
         Total |   2874 |   2747 |    127 |    231 |   2138 |   3 |  958.0 |
       Dungeon |   2874 |   2747 |    127 |    231 |   2138 |   3 |  958.0 |
               +--------+--------+--------+--------+--------+-----+--------+

Top non-repeatable levels by time:
     D:1: 1142 daAuts
     D:2: 1083 daAuts
     D:3: 648 daAuts
